 Dungeon Crawl Stone Soup version 0.31.0-11-ge490571c62 (webtiles) character file.

Game seed: 3016550302187884699

105 sizableburger the Magician (level 5, -1/31 HPs)
             Began as a Kobold Hedge Wizard on Jan 24, 2024.
             Slain by a gnoll
             ... wielding a +0 flail
              (9 damage)
             ... on level 2 of the Dungeon on Feb 1, 2024.
             The game lasted 00:06:12 (2473 turns).

sizableburger the Magician (Kobold Hedge Wizard)    Turns: 2473, Time: 00:06:13

Health: -1/31      AC:  2    Str:  7    XL:     5   Next: 9%
Magic:  9/18       EV: 15    Int: 17    God:
Gold:   85         SH:  0    Dex: 15    Spells: 4/10 levels left

rFire   . . .        a - +0 dagger
rCold   . . .        (no shield)
rNeg    . . .        b - +0 robe
rPois   .            c - +0 hat
rElec   .            (no cloak)
rCorr   .            (no gloves)
SInv    .            (no boots)
Will    .....        (no amulet)
Stlth   +++          e - ring of magical power
HPRegen 0.25/turn    l - ring of flight
MPRegen 0.16/turn

%: no passive effects
@: flying
A: small, no large weapons, nightstalker 3
a: no special abilities


You were on level 2 of the Dungeon.
You visited 1 branch of the dungeon, and saw 2 of its levels.

You collected 85 gold pieces.

Inventory:

Hand Weapons
 a - a +0 dagger (weapon)
Armour
 b - a +0 robe (worn)
 c - a +0 hat (worn)
Jewellery
 e - a ring of magical power (left hand)
 l - a ring of flight (right hand)
 m - a ring of fire
Scrolls
 g - a scroll of noise {unknown}
 k - 3 scrolls of identify {unknown}
 o - a scroll of immolation {unknown}
 p - a scroll of brand weapon {unknown}
Potions
 d - a potion of magic
 f - 2 potions of heal wounds {unknown}
 h - a potion of enlightenment {unknown}
 i - 2 potions of invisibility {unknown}
 j - a potion of brilliance {unknown}
 n - a potion of curing {unknown}


   Skills:
 + Level 2.4 Fighting
 + Level 2.9 Short Blades
 - Level 2.4 Dodging
 - Level 2.6 Stealth
 - Level 3.2 Spellcasting
 + Level 1.6 Conjurations
 - Level 1.2 Summonings
 - Level 1.0 Translocations
 + Level 1.1 Air Magic
 + Level 1.1 Alchemy


You had 4 spell levels left.
You knew the following spells:

 Your Spells              Type           Power      Damage    Failure   Level
a - Magic Dart            Conj           32%        1d4       9%          1
b - Call Imp              Summ           14%        N/A       16%         2
c - Mephitic Cloud        Conj/Alch/Air  7%         N/A       30%         3

Your spell library contained the following spells:

 Spells                   Type           Power      Damage    Failure   Level
 Slow                     Hex            8%         N/A       17%         1
 Blink                    Tloc           12%        N/A       17%         2
 Cigotuvi's Dreadful Rot  Necr/Alch/Air  10%        N/A       19%         2
 Stone Arrow              Conj/Erth      10%        3d7       36%         3
 Animate Armour           Summ/Erth      8%         N/A       78%         4
 Lehudib's Crystal Spear  Conj/Erth      2%         10d2      100%        8


Dungeon Overview and Level Annotations

Branches:
Dungeon (2/15)

Altars:


Innate Abilities, Weirdness & Mutations

You are small and have problems with some larger weapons.
You are completely attuned to the shadows.


Message History

The magic dart hits the gnoll.
The gnoll is severely wounded.
The gnoll completely misses you.
Casting: Magic Dart (safe; 9% risk of failure)
Confirm with . or Enter, or press ? or * to list all spells.
A tiny devil pulls itself out of the air.
The gnoll barely misses you.
Unknown command.
The gnoll attacks as it pursues you! The gnoll hits you with a +0 flail.
Your cerulean imp barely misses the gnoll.
The magic dart hits the gnoll but does no damage.
The gnoll is severely wounded.
The gnoll hits you with a +0 flail.
Your cerulean imp barely misses the gnoll.
You are too injured to fight recklessly!
You are too injured to fight recklessly!
You barely miss the gnoll.
The gnoll is severely wounded.
The gnoll hits you with a +0 flail.
* * * LOW HITPOINT WARNING * * *
Unknown command.
Casting: Magic Dart (safe; 9% risk of failure)
Confirm with . or Enter, or press ? or * to list all spells.
Aiming: Magic Dart (safe; 9% risk of failure)
Press: ? - help, Shift-Dir - straight line, f/p - gnoll
Aim: a gnoll, wielding a +0 flail (severely wounded, ally target, 100% to hit)
The magic dart hits the gnoll.
The gnoll is almost dead.
Your cerulean imp hits the gnoll but does no damage.
The gnoll hits your cerulean imp with a +0 flail!
Casting: Magic Dart (safe; 9% risk of failure)
Confirm with . or Enter, or press ? or * to list all spells.
Aiming: Magic Dart (safe; 9% risk of failure)
Press: ? - help, Shift-Dir - straight line, f/p - gnoll
Aim: a gnoll, wielding a +0 flail (almost dead, not watching you, ally target, 100% to hit)
The magic dart hits the gnoll but does no damage.
The gnoll is almost dead.
Your cerulean imp hits the gnoll with a -4 spear.
The gnoll hits you with a +0 flail!
You die...

#.#.##........#..## #..#...
#...#..######.....#######..#...
#..##.## ##.............#.#.
#..#..# #................#
#..#..# #$.#....#############
#..#..# ##)....#.# # ##.#..#
$$.....#.# # #.##.##
..$...##.#############
#..#..######g@#...†.†...).....
##.##.......5##...############
#..###....###....#
##...######.....##
###...........## ##.........##
###########


You could see a gnoll (ally target) and a friendly cerulean imp (summoned).

Vanquished Creatures
  4 adders (D:2)
  A dart slug (D:2)
  2 ribbon worms (D:2)
  4 orcs (D:2)
  4 endoplasms
  5 goblins
  4 hobgoblins
  5 kobolds
  4 quokkas
  3 ball pythons
  13 bats
  5 frilled lizards
  4 rats
58 creatures vanquished.

Notes
Turn   | Place    | Note
-------+----------+-------------------------------------------
     0 | D:1      | sizableburger the Kobold Hedge Wizard began the quest for
                  | the Orb.
     0 | D:1      | Reached XP level 1. HP: 10/10 MP: 4/4
   264 | D:1      | Reached skill level 1 in Short Blades
   298 | D:1      | Reached skill level 1 in Fighting
   298 | D:1      | Reached XP level 2. HP: 2/16 MP: 5/6
   486 | D:1      | Learned a level 2 spell: Call Imp
   622 | D:1      | Upgraded the game from 0.31.0-7-gf635a9b802 to
                  | 0.31.0-11-ge490571c62
   729 | D:1      | Reached XP level 3. HP: 20/20 MP: 7/7
   828 | D:1      | Learned a level 3 spell: Mephitic Cloud
  1700 | D:2      | Reached XP level 4. HP: 26/26 MP: 8/8
  2184 | D:2      | Reached skill level 1 in Air Magic
  2193 | D:2      | Reached skill level 1 in Alchemy
  2335 | D:2      | Reached XP level 5. HP: 27/31 MP: 9/9
  2473 | D:2      | Slain by a gnoll

Illustrated notes

Levels and vault maps discovered:
D:1:      lemuel_arrival_funnel, layout_rooms, serial_forest,
          infiniplex_forest_lined_corner, infiniplex_forest_3_way,
          infiniplex_forest_clump_medium, infiniplex_forest_end_1,
          infiniplex_forest_straight_4, infiniplex_forest_clump_diagonal,
          infiniplex_forest_straight_1, minmay_pentomino_t4
D:2:      layout_loops_ring, minmay_randomly_rotated_circles

Skill      XL: |  1  2  3  4 |
---------------+-------------+-----
Short Blades   | 1 2 |  2.9
Fighting       | 1 2 |  2.4
Air Magic      | 1 |  1.1
Alchemy        | 1 |  1.1
Dodging        | |  2.4
Stealth        | |  2.6
Spellcasting   | |  3.2
Conjurations   | |  1.6
Summonings     | |  1.2
Translocations | |  1.0

Action                     |  1- 3 |  4- 6 || total
---------------------------+-------+-------++-------
  Melee: Dagger            |    17 |     6 ||    23
   Cast: Magic Dart        |    92 |    60 ||   152
         Call Imp          |     1 |     3 ||     4
   Stab: Sleeping          |     4 |     1 ||     5
 Armour: Robe              |    22 |    21 ||    43
  Dodge: Dodged            |    39 |    32 ||    71
